 Dungeon Crawl Stone Soup version 0.29.1-15-g9cfb28693d (webtiles) character file.

Game seed: 16166245395704146507

63 protoss039 the Digger (level 3, 0/27 HPs)
             Began as a Demonspawn Earth Elementalist on Mar 13, 2023.
             Killed from afar by an orc wizard (7 damage)
             ... with a puff of flame
             ... on level 3 of the Dungeon.
             The game lasted 00:02:08 (2139 turns).

protoss039 the Digger (DsEE)                        Turns: 2139, Time: 00:02:09

Health: 0/27       AC:  3    Str:  8    XL:     3   Next: 89%
Magic:  7/7        EV: 10    Int: 18    God:
Gold:   138        SH:  0    Dex: 13    Spells: 1/7 levels left

rFire   . . .      SeeInvis .   j - +1 spear (venom)
rCold   . . .      Faith    .   (no shield)
rNeg    . . .      Spirit   .   a - +0 ring mail
rPois   +          Reflect  .   (helmet restricted)
rElec   .          Harm     .   (no cloak)
rCorr   .          Rampage  .   (no gloves)
Will    .....      Clarity  +   (no boots)
Stlth   +.........              (no amulet)
HPRegen 0.09/turn               n - ring of poison resistance
MPRegen 0.10/turn               (no ring)

@: no status effects
A: ignite blood 1, sharp scales 1, horns 1, clarity, deformed body
a: no special abilities


You were on level 3 of the Dungeon.
You visited 1 branch of the dungeon, and saw 3 of its levels.

You collected 138 gold pieces.

Inventory:

Hand Weapons
 j - a +1 spear of venom (weapon)
 k - a +0 short sword of draining
Armour
 a - a +0 ring mail (worn)
Jewellery
 n - a ring of poison resistance (left hand)
Scrolls
 c - a scroll of enchant armour {unknown}
 e - 2 scrolls of teleportation {unknown}
 g - 3 scrolls of identify {unknown}
 m - a scroll of blinking {unknown}
Potions
 b - a potion of magic
 d - a potion of mutation
 f - a potion of attraction {unknown}
 h - a potion of might {unknown}
 i - a potion of brilliance {unknown}
 l - 2 potions of degeneration {unknown}


   Skills:
 + Level 1.9 Fighting
 - Level 1.7 Dodging
 - Level 1.7 Stealth
 + Level 2.7 Spellcasting
 - Level 0.8 Transmutations
 + Level 3.3 Earth Magic


You had one spell level left.
You knew the following spells:

 Your Spells              Type           Power      Damage    Failure   Level
a - Sandblast             Erth           28%        2d8       13%         1
b - Passwall              Tmut/Erth      8%         N/A       32%         2
c - Stone Arrow           Conj/Erth      16%        3d8       61%         3

Your spell library contained the following spells:

 Spells                   Type           Power      Damage    Failure   Level
 Ozocubu's Armour         Ice            2%         N/A       83%         3
 Petrify                  Tmut/Erth      10%        N/A       91%         4
 Ozocubu's Refrigeration  Ice            1%         4d7       100%        7


Dungeon Overview and Level Annotations

Branches:
Dungeon (3/15) Zot: 15841

Altars:


Innate Abilities, Weirdness & Mutations

Your demonic aura sometimes causes spilled blood to erupt in flames.
You are partially covered in razor-sharp scales. (AC +1, Slay +1)
You have a pair of small horns on your head.
You possess an exceptional clarity of mind.
Armour fits poorly on your strangely shaped body.


Message History

You closely miss the orc wizard. The orc hits you with a +0 whip.
The orc hits you but does no damage.
The orc wizard points at you and mumbles some strange words.
The magic dart hits you but does no damage.
The orc misses you.
The orc wizard hits you with a +0 short sword.
The orc hits you but does no damage.
You hit the orc.
You kill the orc!
The orc barely misses you.
The orc wizard hits you with a +0 short sword.
Unknown command.
You closely miss the orc. You punch the orc, but do no damage.
The orc hits you but does no damage. The orc wizard barely misses you.
Unknown command.
The orc wizard closely misses you.
Unknown command.
You're too confused to move!
The orc hits you with a +0 whip. The orc wizard closely misses you.
Unknown command.
It was a potion of mutation.
You feel extremely strange.
Your body twists and deforms.
Your thoughts seem clearer.
A pair of horns grows on your head!
An orc comes into view. It is wielding a +0 hand axe.
The orc barely misses you.
The orc wizard hits you but does no damage.
Okay, then.
Unknown command.
Unknown command.
You are too injured to fight recklessly!
Unknown command.
The orc shouts!
You hit the orc wizard but do no damage.
The orc wizard is poisoned.
You feel less confused. The orc hits you with a +0 whip.
* * * LOW HITPOINT WARNING * * *
The orc wizard casts a spell at you. The puff of flame hits you!
You die...

## #.## .........# #.#
..o......# ##.#
.........##### ##..#
.....(.......# ##..##
.............#####..##
.............##....##
#.....)o..)..#..####
......)o@.†....##
...#####...†.###
#........# #........#
#........# #........#
#..$.....# ........>#
.#........#


You could see an orc wizard (very poisoned) and 2 orcs.

Vanquished Creatures
  2 adders (D:2)
  4 dart slugs
  5 orcs (D:3)
  2 endoplasms
  3 giant cockroaches
  2 goblins
  2 hobgoblins (D:1)
  2 kobolds (D:2)
  A quokka (D:2)
  2 bats
  A frilled lizard (D:2)
  6 rats
32 creatures vanquished.

Notes
Turn   | Place    | Note
-------+----------+-------------------------------------------
     0 | D:1      | protoss039 the Demonspawn Earth Elementalist began the
                  | quest for the Orb.
     0 | D:1      | Reached XP level 1. HP: 13/13 MP: 3/3
   145 | D:1      | Found a faded altar of an unknown god.
   596 | D:1      | Gained mutation: Your demonic aura sometimes causes spilled
                  | blood to erupt in flames. [demonic ancestry]
   596 | D:1      | Reached XP level 2. HP: 20/20 MP: 3/5
   772 | D:1      | Reached skill level 1 in Fighting
  1039 | D:1      | Reached skill level 3 in Earth Magic
  1308 | D:1      | Learned a level 2 spell: Passwall
  1561 | D:2      | Gained mutation: You are partially covered in razor-sharp
                  | scales. (AC +1, Slay +1) [demonic ancestry]
  1561 | D:2      | Reached XP level 3. HP: 26/26 MP: 6/6
  2068 | D:2      | Learned a level 3 spell: Stone Arrow
  2138 | D:3      | Gained mutation: Armour fits poorly on your strangely
                  | shaped body. [potion of mutation]
  2138 | D:3      | Gained mutation: You possess an exceptional clarity of
                  | mind. [potion of mutation]
  2138 | D:3      | Gained mutation: You have a pair of small horns on your
                  | head. [potion of mutation]
  2139 | D:3      | Killed from afar by an orc wizard

Illustrated notes

Levels and vault maps discovered:
D:1:      spicycebolla_arrival_xxxplode, layout_basic,
          shapermc_ecumenical_altar_mp_urbaneastern
D:2:      layout_basic
D:3:      layout_basic, mainiacjoe_overflow_catch_the_wave,
          ebering_ghost_sewer_f

Skill      XL: |  1  2 |
---------------+-------+-----
Fighting       | 1 |  1.9
Earth Magic    | 3 |  3.3
Dodging        | |  1.7
Stealth        | |  1.7
Spellcasting   | |  2.7
Transmutations | |  0.8

Action                   || total
-------------------------++-------
Melee: Club              ||    22
       Spear             ||    66
       Punch             ||     3
 Cast: Sandblast         ||    14
  Use: Potion            ||     1
 Stab: Sleeping          ||     1
Armor: Robe              ||     7
       Ring mail         ||    22
Dodge: Dodged            ||    58
